 Dungeon Crawl Stone Soup version 0.30-a0-1085-g990a428a5c (webtiles) character file.

Game seed: 1165374699444171320

162 xian the Sneak (level 5, -2/36 HPs)
             Began as a Demonspawn Enchanter on Apr 16, 2023.
             Was an Initiate of Okawaru.
             Shot with an arrow by an orc (3 damage)
             ... on level 3 of the Dungeon.
             The game lasted 00:04:50 (1994 turns).

xian the Sneak (Demonspawn Enchanter)               Turns: 1994, Time: 00:04:51

Health: -2/36      AC:  4    Str: 10    XL:     5   Next: 19%
Magic:  8/8        EV: 14    Int: 17    God:    Okawaru [......]
Gold:   133        SH:  0    Dex: 13    Spells: 3/8 levels left

rFire   . . .      SeeInvis .    a - +1 dagger
rCold   . . .      Faith    .    (no shield)
rNeg    . . .      Spirit   .    o - +0 leather armour
rPois   .          Reflect  .    (no helmet)
rElec   .          Rampage  .    f - +0 cloak
rCorr   .                        (no gloves)
Will    .....                    (no boots)
Stlth   ++                       (no amulet)
HPRegen 0.26/turn                (no ring)
MPRegen 0.11/turn                (no ring)

@: no status effects
A: claws 1, repulsion field 1, spiny 1
a: Renounce Religion


You were on level 3 of the Dungeon.
You worshipped Okawaru.
Okawaru was noncommittal.
You visited 1 branch of the dungeon, and saw 3 of its levels.

You collected 133 gold pieces.

Inventory:

Hand Weapons
 a - a +1 dagger (weapon)
 q - the +8 mace "Tekeur Jopp" {speed, rC++}
   (You found it on level 3 of the Dungeon)

   rC:        It greatly protects you from cold.
Missiles
 n - 18 stones (quivered)
Armour
 f - a +0 cloak (worn)
 g - an orb of mayhem
 i - a +0 chain mail
 o - a +0 leather armour (worn)
Scrolls
 b - a scroll of brand weapon {unknown}
 d - 2 scrolls of identify {unknown}
 h - a scroll of magic mapping {unknown}
 k - 2 scrolls of fog {unknown}
 m - a scroll of torment {unknown}
 r - a scroll of amnesia {unknown}
Potions
 c - 2 potions of invisibility
 e - 3 potions of curing {unknown}
 l - 3 potions of heal wounds {unknown}
 p - a potion of haste {unknown}


   Skills:
 + Level 0.6 Fighting
 + Level 1.7 Short Blades
 + Level 0.3 Maces & Flails
 + Level 0.1 Throwing
 * Level 1.9 Armour
 + Level 2.4 Dodging
 + Level 3.7 Stealth
 + Level 2.2 Spellcasting
 + Level 3.3 Hexes


You had 3 spell levels left.
You knew the following spells:

 Your Spells              Type           Power      Damage    Failure   Level
a - Ensorcelled Hibernat  Hex/Ice        14%        N/A       19%         2
b - Confusing Touch       Hex            13%        N/A       19%         3

Your spell library contained the following spells:

 Spells                   Type           Power      Damage    Failure   Level
 Magic Dart               Conj           4%         1d3       26%         1
 Searing Ray              Conj           2%         2d4       36%         2
 Dazzling Flash           Conj/Hex       14%        N/A       36%         3
 Mephitic Cloud           Conj/Pois/Air  1%         N/A       58%         3
 Fulminant Prism          Conj/Hex       3%         3d5       77%         4
 Tukima's Dance           Hex            Unusable   N/A       N/A         3
 Call Imp                 Summ           Unusable   N/A       N/A         2

Dungeon Overview and Level Annotations

Branches:
Dungeon (3/15)

Altars:
Okawaru


Innate Abilities, Weirdness & Mutations

You have sharp fingernails.
You are surrounded by a mild repulsion field. (EV +2)
You are partially covered in sharp spines.


Message History

The orc wizard gestures wildly while chanting.
The orc wizard flickers and vanishes!
Deactivating autopickup; reactivate with Ctrl-A.
You hear an angry hiss.
You closely miss something. Something hits you.
You hit something. Something hits you.
Unknown command.
You miss something. Something hits you.
You closely miss something.
You hear some strange, mumbled words.
A puff of flame appears from out of thin air!
The puff of flame hits you!
* * * LOW HITPOINT WARNING * * *
You miss something.
You hear some strange, mumbled words.
A puff of flame appears from out of thin air!
The puff of flame hits you.
* * * LOW HITPOINT WARNING * * *
You hit something. Okawaru accepts your kill.
Reactivating autopickup.
You feel a bit more experienced.
You miss the frilled lizard.
The frilled lizard bites you but does no damage.
You closely miss the frilled lizard. You barely miss the frilled lizard.
The frilled lizard closely misses you.
You hit the frilled lizard.
You kill the frilled lizard!
Okawaru accepts your kill.
An orc comes into view. It is wielding a +0 shortbow.
The orc shouts!
The orc shoots an arrow.
The arrow hits you.
* * * LOW HITPOINT WARNING * * *
Items here: ) [ ††.
The orc shoots an arrow.
The arrow hits you.
* * * LOW HITPOINT WARNING * * *
Things that are here:
a +0 dagger; a +0 robe The orc shoots an arrow.
The arrow hits you.
You die...

..# #o# #.# #####
#.# #...# #.#
####.#.# #.#
#....#.# #
#.#####.####.#
.#.#.##.#.......##^#
(.()...)@)...>#.##.#
.....##.#.###.#<##.#
##.# #.#.# #.####.#
[. #.#.# ### #.#
..### ##.# .... #..#
..... #### .######
..


You could see an orc.

Vanquished Creatures
  2 hounds (D:3)
  2 orc wizards (D:3)
  2 worms
  A dart slug (D:2)
  2 orcs (D:3)
  3 endoplasms
  3 giant cockroaches
  5 goblins
  5 hobgoblins
  4 quokkas
  3 ball pythons (D:1)
  5 bats
  2 frilled lizards
  2 kobolds (D:1)
  5 rats
46 creatures vanquished.

Notes
Turn   | Place    | Note
-------+----------+-------------------------------------------
     0 | D:1      | xian the Demonspawn Enchanter began the quest for the Orb.
     0 | D:1      | Reached XP level 1. HP: 13/13 MP: 3/3
   191 | D:1      | Gained mutation: You have sharp fingernails. [demonic
                  | ancestry]
   191 | D:1      | Reached XP level 2. HP: 19/19 MP: 5/5
   194 | D:1      | Learned a level 2 spell: Ensorcelled Hibernation
   978 | D:2      | Reached skill level 1 in Short Blades
   978 | D:2      | Reached XP level 3. HP: 18/24 MP: 6/6
  1010 | D:2      | Learned a level 3 spell: Confusing Touch
  1014 | D:2      | Found an iron altar of Okawaru.
  1029 | D:2      | Became a worshipper of Warmaster Okawaru
  1882 | D:3      | Identified the +8 mace "Tekeur Jopp" {speed, rC++}
  1911 | D:3      | Reached skill level 1 in Armour
  1911 | D:3      | Gained mutation: You are partially covered in sharp spines.
                  | [demonic ancestry]
  1911 | D:3      | Reached XP level 4. HP: 23/31 MP: 7/7
  1972 | D:3      | Gained mutation: You are surrounded by a mild repulsion
                  | field. (EV +2) [demonic ancestry]
  1972 | D:3      | Reached XP level 5. HP: 28/36 MP: 8/8
  1993 | D:3      | HP: 1/36 [orc/arrow (5)]
  1994 | D:3      | Shot with an arrow by an orc

Illustrated notes

Levels and vault maps discovered:
D:1:      minmay_arrival_four_loops, layout_rooms, chequers_serial_rivers_marsh
D:2:      layout_basic, basic_altar
D:3:      layout_basic, shapermc_ecumenical_altar_petra

Skill      XL: |  1  2  3 |
---------------+----------+-----
Stealth        | 3 |  3.7
Dodging        | 2 |  2.4
Short Blades   | 1 |  1.7
Armour         | 1 |  1.9
Fighting       | |  0.6
Maces & Flails | |  0.3
Throwing       | |  0.1
Spellcasting   | |  2.2
Hexes          | |  3.3

Action                     |  1- 3 |  4- 6 || total
---------------------------+-------+-------++-------
  Melee: Dagger            |   123 |    36 ||   159
         Mace              |     4 |       ||     4
  Throw: Javelin           |     2 |     6 ||     8
   Cast: Ensorcelled Hiber |     1 |       ||     1
   Stab: Sleeping          |    10 |       ||    10
 Armour: Robe              |    28 |       ||    28
         Leather armour    |     7 |     7 ||    14
  Dodge: Dodged            |    77 |    11 ||    88

Table legend: (Time is in decaauts)
 A = Elapsed time spent in this place.
 B = Non-inter-level travel time spent in this place.
 C = Inter-level travel time spent in this place.
 D = Time resting spent in this place.
 E = Time spent auto-exploring this place.
 F = Levels seen in this place.
 G = Mean time per level.
                   A        B        C        D        E       F      G
               +--------+--------+--------+--------+--------+-----+--------+
         Total |   1988 |   1871 |    117 |      0 |   1265 |   3 |  662.7 |
       Dungeon |   1988 |   1871 |    117 |      0 |   1265 |   3 |  662.7 |
               +--------+--------+--------+--------+--------+-----+--------+

Top non-repeatable levels by time:
     D:2: 1065 daAuts
     D:1: 790 daAuts
     D:3: 132 daAuts
